 Dungeon Crawl Stone Soup version 0.29.1-1-gd02db6906a (webtiles) character file.

Game seed: 14713458879438925600

40 Powertoast the Sneak (level 3, 0/22 HPs)
             Began as a Kobold Brigand on Sept 19, 2022.
             Slain by Jessica
             ... wielding a +0 dagger
              (5 damage)
             ... on level 2 of the Dungeon.
             The game lasted 00:01:43 (1291 turns).

Powertoast the Sneak (Kobold Brigand)               Turns: 1291, Time: 00:01:44

Health: 0/22       AC:  3    Str:  8    XL:     3   Next: 72%
Magic:  3/3        EV: 14    Int: 12    God:
Gold:   82         SH:  0    Dex: 18    Spells: 2/2 levels left

rFire   . . .      SeeInvis .   a - +2 dagger
rCold   . . .      Faith    .   (no shield)
rNeg    . . .      Spirit   .   b - +0 robe
rPois   .          Reflect  .   (no helmet)
rElec   .          Harm     .   c - +0 cloak
rCorr   .          Rampage  .   (no gloves)
Will    .....                   (no boots)
Stlth   ++++......              (no amulet)
HPRegen 0.07/turn               (no ring)
MPRegen 0.08/turn               (no ring)

@: no status effects
A: small, no large weapons, nightstalker 3
a: no special abilities


You were on level 2 of the Dungeon.
You visited 1 branch of the dungeon, and saw 2 of its levels.

You collected 82 gold pieces.

Inventory:

Hand Weapons
 a - a +2 dagger (weapon)
Missiles
 d - 9 poisoned darts (quivered)
 e - 3 curare-tipped darts
Armour
 b - a +0 robe (worn)
 c - a +0 cloak (worn)
Scrolls
 g - a scroll of magic mapping {unknown}
 i - a scroll of identify {unknown}
 j - 2 scrolls of teleportation {unknown}
 l - 3 scrolls of enchant weapon {unknown}
 m - a scroll of silence {unknown}
Potions
 f - 3 potions of degeneration {unknown}
 h - a potion of haste {unknown}
 k - a potion of brilliance {unknown}


   Skills:
 - Level 2.4 Fighting
 + Level 4.3 Short Blades
 - Level 2.4 Throwing
 - Level 1.6 Dodging
 - Level 5.5 Stealth


You had 2 spell levels left.
You didn't know any spells.
Your spell library was empty.

Dungeon Overview and Level Annotations

Branches:
Dungeon (2/15)

Altars:

Annotations:
D:2 Jessica, Terence


Innate Abilities, Weirdness & Mutations

You are small and have problems with some larger weapons.
You are completely attuned to the shadows.


Message History

l - 3 scrolls labelled QIQEHEF WIOVA
Found a stone staircase leading down.
Found a dagger.
You now have 82 gold pieces (gained 16).
j - 2 scrolls labelled TAELUD KUISK (gained 1)
A kobold comes into view. It is wielding a +0 club.
The helpless kobold fails to defend itself.
You impale the kobold!!
You kill the kobold!
You see here a +0 club.
A rat comes into view.
Found a scroll labelled QUMANE VYNK.
A rat is nearby!
The helpless rat fails to defend itself.
You stick the rat like a pincushion!!!
You kill the rat!
m - a scroll labelled QUMANE VYNK
Found a stone staircase leading up.
Terence the Incautious comes into view.
He is wielding a +0 trident.
Jessica the Apprentice Sorceress comes into view.
She is wielding a +0 dagger.
Jessica shouts!
Terence shouts!
Terence closely misses you. Terence misses you.
Jessica hits you with a +0 dagger.
You barely miss Terence. Terence misses you. Jessica barely misses you.
You hit Terence but do no damage. Terence hits you with a +0 trident!
Jessica says, "Why did you come here?"
Jessica points at you and mumbles some strange words.
You resist with some effort.
You hit Terence.
Terence is lightly wounded.
You hit Terence but do no damage.
Terence is lightly wounded.
Terence screams, "I'm going to kill you!"
Terence hits you but does no damage. Jessica closely misses you.
You hit Terence but do no damage.
Terence is lightly wounded.
Terence hits you with a +0 trident.
* * * LOW HITPOINT WARNING * * *
Jessica hits you with a +0 dagger.
You die...

.........#.....#........#.#......
.........#.....#........#.#.#####
.........#.....#........#.#######
###.######.....#........#........
#...................#########
#.####.....#........ #.#
#.....#....... #.# #######.......
#.# #@..... #.# #@@... #.# #.....
#.# #..... #.# ###### #<# #.# ###


You could see Terence and Jessica.

Vanquished Creatures
  2 adders (D:2)
  A dart slug (D:1)
  A ball python (D:1)
  2 endoplasms
  4 hobgoblins
  4 bats (D:1)
  A frilled lizard (D:1)
  A kobold (D:2)
  7 rats
23 creatures vanquished.

Notes
Turn   | Place    | Note
-------+----------+-------------------------------------------
     0 | D:1      | Powertoast the Kobold Brigand began the quest for the Orb.
     0 | D:1      | Reached XP level 1. HP: 12/12 MP: 1/1
   215 | D:1      | Reached XP level 2. HP: 18/18 MP: 2/2
  1034 | D:2      | Reached XP level 3. HP: 22/22 MP: 3/3
  1283 | D:2      | Noticed Terence
  1284 | D:2      | Noticed Jessica
  1291 | D:2      | Slain by Jessica

Illustrated notes

Levels and vault maps discovered:
D:1:      amcnicky_arrival_feature_with_door, layout_loops_corners
D:2:      layout_basic, uniq_terence, uniq_jessica

Skill      XL: |  1  2  3 |
---------------+----------+-----
Short Blades   | 3 4 |  4.3
Fighting       | |  2.4
Throwing       | |  2.4
Dodging        | |  1.6
Stealth        | |  5.5

Action                   || total
-------------------------++-------
Melee: Dagger            ||    47
 Stab: Sleeping          ||    16
Armor: Robe              ||     2
Dodge: Dodged            ||    36
